AoeStats
← flynorc

Four Lakes

507290026Analyzed
1v1 RM · 14d ago on Sep 17, 2026· 23m 38s· 2 players
Game mode
Random Map
Map size
Tiny (2 player)
Population
200
Speed
Normal
Resources
Standard
Victory
Conquest
Starting age
Dark Age
Ending age
Imperial Age
RankedLock teamsTeams togetherTeam positionsShared explorationLock speedFull tech treeHidden civsTurbo modeCheats
Victory
Defeat
🇧🇷 Huns · Brazil
1519
+17
🇦🇹 Italians · Austria
1550
-17
Pedro
7:44 Loom
10:09 Feudal Age
14:43 Fletching
21:30 Castle Age
20:58 Scale Barding Armor
21:04 Forging
21:34 Bloodlines
flynorc
8:03 Loom
11:06 Feudal Age
11:49 Double-Bit Axe
18:49 Castle Age
18:48 Fletching
21:00 Bodkin Arrow
22:30 Crossbowman
Connection lost

Rejoining the realm…

Still unreachable

The connection could not be restored.

Session expired

The server has moved on; the page needs a fresh start.